 Dungeon Crawl Stone Soup version 0.29-a0-364-g921d912d32 (webtiles) character file.

Game seed: 18313404786333878465

60065 ptdevnull the Thaumaturge (level 15, -3/92 (107) HPs)
             Began as a Djinni Fire Elementalist on Apr 30, 2022.
             Was the Champion of Ru.
             Constricted to death by Jorgrun (10 damage)
             ... on level 12 of the Dungeon.
             The game lasted 01:39:23 (30277 turns).

ptdevnull the Thaumaturge (DjFE)                   Turns: 30277, Time: 01:39:23

HP:   -3/92 (107)   AC: 11    Str: 14    XL:     15   Next: 36%
Gold: 839           EV: 14    Int: 31    God:    Ru [******] SH:  0 Dex: 17

rFire   + + .      SeeInvis .   b - staff of fire
rCold   x . .      Faith    .   (no shield)
rNeg    . . .      Spirit   .   B - +0 robe {Archmagi}
rPois   ∞          Reflect  .   y - +0 helmet
rElec   .          Harm     .   Y - +1 cloak
rCorr   .          Rampage  .   J - +1 pair of gloves of the Butterfly {+Blink Str+7 Stlth-}
Will    +....      Archmagi +   (boots unavailable)
Stlth   ++........              D - amulet of the acrobat
HPRegen 0.25/turn               e - ring "Cokuics" {rC+ Int+6 Dex+4 Stlth+}
MPRegen 0.00/turn               S - +4 ring of protection

@: exhausted, grasped by roots, flying, constricted, heavily drained
A: sickness immunity, fire resistance 2, cold vulnerability 1, unskilled 3,
temperature sensitive, float, innate caster, HP casting, extra vitality 1
a: Renounce Religion, Evoke Blink, Draw Out Power, Power Leap, Apocalypse


You were on level 12 of the Dungeon.
You worshipped Ru.
Ru was exalted by your worship.
You visited 3 branches of the dungeon, and saw 20 of its levels.
You also visited: Bailey.

You collected 1915 gold pieces.
You spent 1076 gold pieces at shops.

Inventory:

Hand Weapons
 a - a +2 demon whip of freezing
 E - a +1 morningstar of flaming
 K - the +4 great mace "Cirey" {vorpal, rF+ Str+3 Dex+6}
   (You bought it in a shop on level 8 of the Dungeon)

   It inflicts extra damage upon your enemies.
   Str:       It affects your strength (+3).
   Dex:       It affects your dexterity (+6).
   rF:        It protects you from fire.
 L - a +4 short sword of speed
Missiles
 C - 4 throwing nets
Armour
 y - a +0 helmet (worn)
 B - a +0 robe of the Archmagi (worn)
 F - +5 steam dragon scales
 J - the +1 pair of gloves of the Butterfly (worn) {+Blink Str+7 Stlth-}
   (You found it in a bailey)

   Str:       It affects your strength (+7).
   +Blink:    It lets you blink.
   Stlth:     It makes you less stealthy.
 Y - a +1 cloak (worn)
Magical Staves
 b - a staff of fire (weapon)
Jewellery
 e - the ring "Cokuics" (left hand) {rC+ Int+6 Dex+4 Stlth+}
   (You acquired it on level 5 of the Lair of Beasts)

   [ring of intelligence]

   Int:       It affects your intelligence (+6).
   Dex:       It affects your dexterity (+4).
   rC:        It protects you from cold.
   Stlth:     It makes you more stealthy.
 n - a ring of wizardry
 o - a +4 ring of slaying
 s - a ring of positive energy
 v - a +4 ring of protection
 D - an amulet of the acrobat (around neck)
 O - a ring of protection from cold
 S - a +4 ring of protection (right hand)
Wands
 h - a wand of flame (37)
 i - a wand of digging (7)
 m - a wand of polymorph (26)
 H - a wand of iceblast (12)
 M - a wand of acid (7)
Scrolls
 g - 3 scrolls of teleportation
 j - 3 scrolls of fog
 p - 4 scrolls of immolation
 r - 2 scrolls of summoning
 G - 2 scrolls of fear
 I - 3 scrolls of identify
 R - 3 scrolls of vulnerability
 T - 2 scrolls of blinking
Potions
 c - a potion of flight {unknown}
 d - 4 potions of degeneration {unknown}
 f - 4 potions of resistance
 k - 7 potions of curing
 l - 7 potions of mutation
 q - 3 potions of berserk rage {unknown}
 t - a potion of haste {unknown}
 u - 2 potions of might {unknown}
 w - 4 potions of attraction
 x - 3 potions of heal wounds
 z - 2 potions of ambrosia
 A - a potion of experience {unknown}
 N - 3 potions of magic {unknown}
 P - 5 potions of brilliance
 Q - a potion of invisibility {unknown}
 V - 3 potions of cancellation
 Z - 6 potions of lignification


   Skills:
 - Level 10.0 Fighting
 - Level 1.7 Short Blades
 * Level 6.4 Maces & Flails
 + Level 8.4 Dodging
 - Level 1.1 Stealth
 - Level 12.2 Spellcasting
 - Level 3.0 Evocations


You had one spell level left.
You knew the following spells:

 Your Spells              Type           Power      Damage    Failure   Level
a - Foxfire               Conj/Fire      100%       2x1d9     1%          1
b - Scorch                Fire           100%       2d10      1%          2
c - Conjure Flame         Conj/Fire      100%       6-21      1%          3
d - Inner Flame           Hex/Fire       100%       N/A       1%          3
e - Flame Wave            Conj/Fire      100%       2d17      1%          4
f - Sting                 Tmut/Pois      100%       1d8       1%          1
g - Poisonous Vapours     Pois/Air       100%       N/A       1%          2
h - Call Imp              Summ           97%        N/A       1%          2
i - Leda's Liquefaction   Hex/Erth       48%        N/A       1%          4
j - Dispel Undead         Necr           97%        3d30      1%          4
k - Blade Hands           Tmut           48%        N/A       1%          5
l - Death Channel         Necr           48%        N/A       2%          6
Your spell library was empty.

Dungeon Overview and Level Annotations

Branches:
Dungeon (12/15)            Temple (0/1) D:4            Lair (6/6) D:10
  Swamp (0/4) Lair:2        Snake (0/4) Lair:3        Slime (0/5) Lair:5
    Orc (2/2) D:12            Elf (0/3) Orc:2        Bailey (visited)

Altars:
Dithmenos
Gozag
Ru
Trog
Wu Jian
Xom
Zin
Jiyva
Lugonu

Shops:
D:8 (   D:11 ((   Orc:2 ?[(*

Portals:
Abyss: Lair:6

Annotations:
D:6 3 runed translucent doors, Antichthon's ghost, novice OpBr
D:7 2 runed translucent doors
D:12 Jorgrun
Lair:3 exclusion: 2 oklob plants
Orc:2 1 runed translucent door, juncz's ghost, journeyman MiBe


Innate Abilities, Weirdness & Mutations

You are immune to sickness and miasma.
You are immune to poison.
Your flesh is very heat resistant. (rF++)
You are vulnerable to cold. (rC-)
You are extremely unskilled. (-3 Apt)
You are sensitive to extremes of temperature. (rF-, rC-)
You float through the air rather than walking.
You learn spells naturally, not from books.
Your magical power is your life essence.
You have superior vitality. (+4 MHP)


Message History

The splash of acid misses you.
Casting: Foxfire (safe; 1% risk of failure)
Confirm with . or Enter, or press ? or * to list all spells.
You can't see any susceptible monsters within range! (Use Z to cast anyway.) Unknown command.
Casting: Foxfire (safe; 1% risk of failure)
Confirm with . or Enter, or press ? or * to list all spells.
You feel a strong surge of power!
You conjure some foxfire!
The grasping roots constrict you!
The foxfire hits the acid dragon.
The acid dragon is moderately wounded.
The foxfire hits Jorgrun.
Jorgrun is lightly wounded.
Casting: Foxfire (safe; 1% risk of failure)
Confirm with . or Enter, or press ? or * to list all spells.
You feel a strong surge of power!
Flames lash Jorgrun.
Jorgrun is lightly wounded.
Jorgrun's fire resistance burns away.
The foxfire hits Jorgrun.
Jorgrun is burned terribly!
Jorgrun is lightly wounded.
The foxfire hits Jorgrun.
Jorgrun is burned terribly!
Jorgrun is lightly wounded.
The grasping roots constrict you!
Casting: Scorch (safe; 1% risk of failure)
Confirm with . or Enter, or press ? or * to list all spells.
You feel a strong surge of power!
Flames lash Jorgrun.
Jorgrun is burned terribly!
Jorgrun is moderately wounded.
The grasping roots constrict you.
Unknown command.
Activating: Apocalypse
Press: ? - help, Dir - look around, f - activate You reveal the great annihilating truth to your foes!
Jorgrun slows down under the weight of truth!
You kill the acid dragon!
You feel drained.
Jorgrun gestures next to you while chanting.
The wall shatters!
The blast of rock fragments hits you!!
* * * LOW HITPOINT WARNING * * *
The grasping roots constrict you!
You die...

.................................
.................................
.##........'############...##.###
.##............#.....###...##.###
...............#......'..........
.....##........#......#..........
.....##........#......#..........
...............##############.#..
..........+##...@.......,,,,#####
............+....g......,,,,* #
............#...........,,,,* #
............#...........,,,,* #
...........##...........,,,,****#
....##......####+##+#...,,,,,,,,#
....##.......,,,,,,,*...,,,,,,,,*
#............,,,,,,,*,..,,,,,,,,*
#...........,,,,,,,,*,,,,,,,,,,,*


You could see Jorgrun (slow, combustible).

Vanquished Creatures
  An orc warlord (Orc:2)
  Nessos (Lair:4)
  2 boulder beetles
  8 hydras
  A two-headed ogre (D:9)
  3 orc high priests (Orc:2)
  A large abomination (Lair:6)
  3 thrashing horrors (Lair:6)
  4 orc knights
  A deep elf pyromancer (D:12)
  5 ugly things
  4 orc sorcerers (Orc:2)
  A manticore (D:12)
  A torpor snail (Lair:6)
  12 cane toads
  A water nymph (shapeshifter) (Lair:6)
  12 black mambas
  12 elephants
  A smoke demon (Lair:6)
  Maggie (D:6)
  4 rime drakes
  12 komodo dragons
  2 kobold demonologists (D:12)
  An ancient zyme (Lair:6)
  A troll (Orc:2)
  A hornet (D:6)
  9 blink frogs (Lair:6)
  Prince Ribbit (D:7)
  A blink frog (shapeshifter) (D:10)
  A wraith (D:11)
  37 yaks
  2 ynoxinuls (Lair:6)
  A shadow (D:10)
  2 wyverns (Lair:3)
  4 fire bats (Lair:6)
  A human (D:12)
  10 basilisks
  A vampire (D:10)
  A golden eye (shapeshifter) (Lair:6)
  A chaos spawn (Lair:6)
  A steam dragon (D:4)
  4 wargs
  2 swamp worms (Lair:2)
  3 acid dragons
  22 water moccasins
  2 ice beasts
  Duvessa (D:7)
  26 orc warriors
  2 sky beasts
  A black bear (Lair:1)
  13 wolves
  10 centaurs
  4 ogres
  A phantom (D:5)
  3 kobold brigands
  12 small abominations (Lair:6)
  10 bullfrogs
  2 necrophages (D:5)
  A gnoll sergeant (D:7)
  2 scorpions
  19 wights
  Dowan (D:7)
  4 electric eels (Lair:6)
  A crimson imp (D:7)
  7 hounds
  A jelly (D:5)
  19 orc priests
  A gnoll shaman (D:9)
  4 iguanas
  Terence (D:2)
  12 orc wizards
  20 gnolls
  6 adders
  A shadow imp (D:8)
  2 white imps
  3 ufetubi
  3 dart slugs
  2 worms (D:3)
  78 orcs
  6 ball pythons
  4 endoplasms
  5 giant cockroaches
  12 goblins
  7 hobgoblins
  7 jackals
  26 kobolds
  3 quokkas
  4 bats
  5 frilled lizards
  4 rats
  A bush (Lair:4)
559 creatures vanquished.

Vanquished Creatures (collateral kills)
  An orc knight (Orc:2)
  An orc warrior (Orc:2)
  An orc wizard (Orc:2)
  26 foxfires
29 creatures vanquished.

Vanquished Creatures (others)
  An orc knight (Orc:1)
  2 komodo dragons
  A wolf (Lair:2)
  2 orc wizards
  A bush (Lair:6)
  1877 foxfires
  38 fungi
  92 plants
2014 creatures vanquished.

Grand Total: 2602 creatures vanquished

Notes
Turn   | Place    | Note
-------+----------+-------------------------------------------
     0 | D:1      | ptdevnull the Djinni Fire Elementalist began the quest for
                  | the Orb.
     0 | D:1      | Reached XP level 1. HP: 15/15 MP: 0/0
   230 | D:1      | Reached XP level 2. HP: 19/22 MP: 0/0
   283 | D:1      | Found a faded altar of an unknown god.
   306 | D:1      | Reached skill level 1 in Fighting
   821 | D:1      | Reached XP level 3. HP: 25/27 MP: 0/0
   821 | D:1      | Learned a level 1 spell: Sting
  1157 | D:1      | Found an ornate altar of the Wu Jian Council.
  1385 | D:2      | Noticed Terence
  1394 | D:2      | Killed Terence
  1395 | D:2      | Reached skill level 3 in Spellcasting
  1395 | D:2      | Reached XP level 4. HP: 23/34 MP: 0/0
  2107 | D:3      | Reached XP level 5. HP: 18/40 MP: 0/0
  2107 | D:3      | Learned a level 2 spell: Poisonous Vapours
  2318 | D:3      | Found a sacrificial altar of Ru.
  2333 | D:3      | Became a worshipper of Ru the Awakened
  2923 | D:4      | Noticed a steam dragon
  2936 | D:4      | Killed a steam dragon
  2937 | D:4      | Reached skill level 4 in Spellcasting
  2937 | D:4      | Reached XP level 6. HP: 25/47 MP: 0/0
  3220 | D:4      | Found a staircase to the Ecumenical Temple.
  3291 | D:4      | Noticed an ogre
  3298 | D:4      | Killed an ogre
  3470 | D:4      | Noticed an ogre
  3486 | D:4      | Killed an ogre
  3487 | D:4      | Reached XP level 7. HP: 48/53 MP: 0/0
  3487 | D:4      | Learned a level 2 spell: Call Imp
  3649 | D:4      | Gained mutation: You are somewhat unskilled. (-1 Apt) [Ru
                  | sacrifice]
  3649 | D:4      | Reached * piety under Ru
  4211 | D:5      | Entered Level 5 of the Dungeon
  4891 | D:5      | Reached skill level 5 in Fighting
  4941 | D:5      | Reached XP level 8. HP: 43/59 MP: 0/0
  5066 | D:5      | Reached skill level 5 in Spellcasting
  5703 | D:6      | Noticed Maggie
  5715 | D:6      | Killed Maggie
  5716 | D:6      | Reached XP level 9. HP: 43/67 MP: 0/0
  5716 | D:6      | Learned a level 4 spell: Leda's Liquefaction
  6009 | D:6      | Reached skill level 6 in Spellcasting
  6071 | D:6      | Noticed a hornet
  6081 | D:6      | Killed a hornet
  6402 | D:6      | Found a runed translucent gate.
  6402 | D:6      | Found a runed translucent gate.
  6402 | D:6      | Found a runed translucent gate.
  6403 | D:6      | Noticed Antichthon's ghost (novice OpBr)
  6833 | D:7      | Gained mutation: You are sensitive to extremes of
                  | temperature. (rF-, rC-) [Ru sacrifice]
  6833 | D:7      | Reached ** piety under Ru
  6833 | D:7      | Reached *** piety under Ru
  6871 | D:7      | Found a flagged portal.
  6872 | D:7      | Noticed Dowan
  6880 | D:7      | Killed Dowan
  6887 | Bailey   | Entered a bailey
  7464 | Bailey   | Noticed an orc knight
  7495 | Bailey   | Reached XP level 10. HP: 55/77 MP: 0/0
  7495 | Bailey   | Killed an orc knight
  7496 | Bailey   | Reached skill level 7 in Spellcasting
  7847 | Bailey   | Identified the +1 pair of gloves of the Butterfly {+Blink
                  | Str+7 Stlth-}
  7960 | D:7      | Found a large runed translucent door.
  7960 | D:7      | Found a large runed translucent door.
  7967 | D:7      | Found a shimmering altar of Xom.
  8180 | D:7      | Noticed Duvessa
  8186 | D:7      | Killed Duvessa
  8365 | D:7      | Noticed Prince Ribbit
  8375 | D:7      | Killed Prince Ribbit
  8376 | D:7      | Reached skill level 1 in Short Blades
  8834 | D:7      | Reached skill level 1 in Evocations
  9046 | D:8      | Found Hica Kimp's Antique Weapon Shop.
  9051 | D:8      | Bought a crude great mace for 241 gold pieces
  9051 | D:8      | Identified the +4 great mace "Cirey" {vorpal, rF+ Str+3
                  | Dex+6} (You bought it in a shop on level 8 of the Dungeon)
  9467 | D:8      | Reached skill level 1 in Maces & Flails
  9771 | D:8      | Gained mutation: You are unskilled. (-2 Apt) [Ru sacrifice]
  9771 | D:8      | Reduced skill Short Blades to level 1
  9771 | D:8      | Reduced skill Dodging to level 1
  9771 | D:8      | Reduced skill Spellcasting to level 6
  9771 | D:8      | Reached **** piety under Ru
  9771 | D:8      | Reached ***** piety under Ru
  9930 | D:8      | Found a shadowy altar of Dithmenos.
  9995 | D:9      | Noticed a two-headed ogre
 10010 | D:9      | Killed a two-headed ogre
 10011 | D:9      | Reached XP level 11. HP: 16/82 MP: 0/0
 10011 | D:9      | Learned a level 4 spell: Dispel Undead
 10500 | D:9      | Reached skill level 5 in Maces & Flails
 11069 | D:10     | Entered Level 10 of the Dungeon
 11493 | D:10     | Found a glowing silver altar of Zin.
 11493 | D:10     | Noticed an angel
 11795 | D:10     | Found a staircase to the Lair.
 11954 | D:10     | Found a bloodstained altar of Trog.
 11984 | D:10     | Found an opulent altar of Gozag.
 11984 | D:10     | Noticed a green ugly thing
 11999 | D:10     | Killed a green ugly thing
 12422 | Lair:1   | Entered Level 1 of the Lair of Beasts
 12757 | Lair:1   | You are sucked into a shaft and drop 1 floor!
 12940 | Lair:2   | Gained mutation: You are extremely unskilled. (-3 Apt) [Ru
                  | sacrifice]
 12940 | Lair:2   | Reduced skill Dodging to level 1
 12940 | Lair:2   | Reached ****** piety under Ru
 13268 | Lair:2   | Reached XP level 12. HP: 64/86 MP: 0/0
 14405 | Lair:2   | Noticed an eight-headed hydra
 14412 | Lair:2   | Killed an eight-headed hydra
 14413 | Lair:2   | Reached skill level 7 in Spellcasting
 14653 | Lair:2   | Noticed a seven-headed hydra
 14662 | Lair:2   | Killed a seven-headed hydra
 14818 | Lair:2   | Found a staircase to the Swamp.
 14954 | Lair:1   | Reached skill level 5 in Dodging
 15471 | Lair:1   | Noticed a seven-headed hydra
 15481 | Lair:1   | Killed a seven-headed hydra
 16388 | Lair:3   | Reached XP level 13. HP: 78/92 MP: 0/0
 16388 | Lair:3   | Learned a level 5 spell: Blade Hands
 16476 | Lair:3   | Found a staircase to the Snake Pit.
 17717 | Lair:4   | Reached skill level 8 in Spellcasting
 17961 | Lair:4   | Noticed Nessos
 17968 | Lair:4   | Killed Nessos
 18985 | Lair:5   | Noticed a seven-headed hydra
 18992 | Lair:5   | Killed a seven-headed hydra
 19408 | Lair:5   | Identified 2 scrolls of acquirement
 19409 | Lair:5   | Acquired the ring "Cokuics" {rC+ Int+6 Dex+4 Stlth+}
 19413 | Lair:5   | Acquired a manual of Spellcasting
 19437 | Lair:5   | Noticed a four-headed hydra
 19449 | Lair:5   | Killed a four-headed hydra
 19608 | Lair:5   | Found a staircase to the Slime Pits.
 19608 | Lair:5   | Found a viscous altar of Jiyva.
 20077 | Lair:6   | Entered Level 6 of the Lair of Beasts
 20370 | Lair:6   | Noticed an eight-headed hydra
 20379 | Lair:6   | Killed an eight-headed hydra
 20382 | Lair:6   | Reached skill level 9 in Spellcasting
 20567 | Lair:6   | Noticed a boulder beetle
 20650 | Lair:6   | Killed a boulder beetle
 20653 | Lair:6   | Reached XP level 14. HP: 43/94 MP: 0/0
 21963 | Lair:6   | Reached skill level 10 in Spellcasting
 22706 | Lair:6   | Found a one-way gate to the infinite horrors of the Abyss.
 22707 | Lair:6   | Found a corrupted altar of Lugonu.
 23033 | Lair:6   | Noticed a spark wasp
 23592 | D:11     | Found Innikopn's Antique Weapon Shoppe.
 23843 | D:12     | Found a staircase to the Orcish Mines.
 23875 | D:11     | Bought a demon whip for 420 gold pieces
 24872 | D:11     | Found Herenick's Weapon Shoppe.
 24943 | D:11     | Reached skill level 11 in Spellcasting
 25610 | Orc:1    | Entered Level 1 of the Orcish Mines
 26165 | Orc:2    | Entered Level 2 of the Orcish Mines
 26165 | Orc:2    | Found a staircase to the Elven Halls.
 26167 | Orc:2    | Noticed an orc warlord
 26175 | Orc:2    | Reached skill level 10 in Fighting
 26182 | Orc:2    | Killed an orc warlord
 26183 | Orc:2    | Reached XP level 15. HP: 46/100 MP: 0/0
 26183 | Orc:2    | Learned a level 6 spell: Death Channel
 26971 | Orc:2    | Found a runed translucent door.
 26972 | Orc:2    | Found a shimmering altar of Xom.
 26973 | Orc:2    | Noticed juncz's ghost (journeyman MiBe)
 27019 | Orc:2    | Found Hawaup's Assorted Antiques.
 27023 | Orc:2    | Paralysed by an orc sorcerer for 4 turns
 28178 | Orc:2    | Reached skill level 12 in Spellcasting
 28536 | Orc:2    | Found Caepuuru's Weapon Shoppe.
 28543 | Orc:2    | Found Kouniffe's Armour Shoppe.
 28545 | Orc:2    | Found Bafe's Magic Scroll Boutique.
 28551 | Orc:2    | Bought a +0 robe of the Archmagi for 415 gold pieces
 29253 | Lair:6   | Identified the +1 plate armour "Wiepnam" {rPois MP+9 Str-4
                  | Slay+5}
 30267 | D:12     | Noticed Jorgrun
 30277 | D:12     | Constricted to death by Jorgrun

Illustrated notes

Levels and vault maps discovered:
D:1:      dpeg_arrival_lava_altar, layout_loops_ring,
          hellmonk_ecumenical_altar_crossroads
D:2:      layout_basic, uniq_terence
D:3:      layout_basic, kennysheep_flooded_box
D:4:      layout_loops_corners, minmay_temple_entry_gardened_gates
D:5:      layout_rooms, minmay_bent
D:6:      layout_gridville, gammafunk_ghost_necromancy, uniq_maggie
D:7:      due_chaos_kobolds, layout_basic, enter_bailey_5,
          minmay_splitting_lines, minmay_fire_ice_demons, uniq_duvessa,
          uniq_prince_ribbit1
D:8:      layout_loops_corners, grunt_dithmenos_shadows, serial_shops,
          nicolae_shop_hallway_stairs, chequers_serial_rivers_room_a,
          kennysheep_generic_room_12
D:9:      layout_cave_pools
D:10:     layout_basic, zin_angel, mainiacjoe_overflow_swirl, lair_entry_dummy
D:11:     layout_grid_maze, serial_shops, nicolae_take_the_stairs,
          nicolae_shop_hallway_plus, chequers_serial_rivers_large_b
D:12:     layout_gridville, erik_orc_4, uniq_jorgrun
Lair:1:   layout_roguey, lemuel_fruit_tree, lemuel_fruit_fields,
          grunt_megastairs_2, infiniplex_staircase_pool_2
Lair:2:   layout_hall_layers, palyth_hydra_swamp_entry, grunt_megastairs_3,
          serial_bayou_shore_a
Lair:3:   dpeg_oklob_gauntlet, layout_chaotic_city,
          minmay_snake_entry_six_corridors, serial_forest,
          infiniplex_forest_zigzag_1, infiniplex_forest_lined_2,
          infiniplex_forest_fountain, infiniplex_forest_straight_2,
          infiniplex_forest_straight_5, infiniplex_forest_straight_4,
          infiniplex_forest_clump_long
Lair:4:   layout_gridlike, beast_lair_carwin_3, uniq_nessos
Lair:5:   layout_regular_city, slime_altar_1
Lair:6:   hellmonk_lair_end_abyssal_woods, layout_gridlike, grunt_megastairs_1
Orc:1:    layout_diamond_mine, gammafunk_ghost_grave
Orc:2:    st_orc_elflike, layout_diamond_mine, ebering_ghost_xom

Skill      XL: |  1  2  3  4  5  6  7  8  9 10 11 12 13 14 15 |
---------------+----------------------------------------------+-----
Fighting       | 1 2 3 4 5 6 8 8 7 8 10 | 10.0
Spellcasting   | 3 4 5 6 6 7 9 11 12 | 12.2
Short Blades   | 1 |  1.7
Evocations     | 2 3 |  3.0
Maces & Flails | 3 6 |  6.4
Dodging        | 1 2 6 8 |  8.4
Stealth        | |  1.1

Action                   |  1- 3 |  4- 6 |  7- 9 | 10-12 | 13-15 || total
-------------------------+-------+-------+-------+-------+-------++-------
Melee: Short sword       |     5 |    18 |       |    58 |       ||    81
       Punch             |       |     1 |       |       |     1 ||     2
       Dagger            |       |     8 |     3 |       |       ||    11
       Hand axe          |       |       |    23 |       |       ||    23
       Morningstar       |       |       |    12 |       |       ||    12
       Great mace        |       |       |       |   134 |   118 ||   252
       Staff             |       |       |       |     5 |     5 ||    10
       Demon whip        |       |       |       |       |    67 ||    67
 Cast: Foxfire           |    47 |    47 |   231 |   215 |   526 ||  1066
       Scorch            |     2 |     4 |    26 |    37 |   230 ||   299
       Sting             |     2 |       |       |       |       ||     2
       Flame Wave        |       |       |     2 |    13 |    16 ||    31
       Leda's Liquefacti |       |       |       |     3 |     1 ||     4
       Death Channel     |       |       |       |       |     1 ||     1
Invok: Sacrifice Skill   |       |       |     1 |     2 |       ||     3
       Draw Out Power    |       |       |     1 |       |     2 ||     3
       Sacrifice Resista |       |       |     1 |       |       ||     1
       Apocalypse        |       |       |       |     1 |     7 ||     8
       Power Leap        |       |       |       |       |     2 ||     2
Evoke: Wand              |       |       |       |     3 |     1 ||     4
  Use: Scroll            |       |       |    12 |    11 |    20 ||    43
       Potion            |       |       |     1 |     2 |     3 ||     6
 Stab: Invisible         |       |       |       |     3 |     2 ||     5
       Paralysed         |       |       |       |     1 |     2 ||     3
       Sleeping          |       |       |       |       |     1 ||     1
       Distracted        |       |       |       |       |     2 ||     2
Armor: Robe              |     2 |     1 |       |       |     2 ||     5
       Ring mail         |       |    13 |    30 |       |       ||    43
       Steam dragon scal |       |       |    13 |   133 |   153 ||   299
Dodge: Dodged            |    13 |    26 |    76 |   228 |   389 ||   732

Table legend: (Time is in decaauts)
 A = Elapsed time spent in this place.
 B = Non-inter-level travel time spent in this place.
 C = Inter-level travel time spent in this place.
 D = Time resting spent in this place.
 E = Time spent auto-exploring this place.
 F = Levels seen in this place.
 G = Mean time per level.
                   A        B        C        D        E       F      G
               +--------+--------+--------+--------+--------+-----+--------+
         Total |  30388 |  29097 |   1291 |  12080 |  12797 |  21 | 1447.0 |
       Dungeon |  14212 |  13621 |    591 |   4431 |   7136 |  12 | 1184.3 |
          Lair |  11960 |  11306 |    654 |   4943 |   4908 |   6 | 1993.3 |
  Orcish Mines |   3181 |   3136 |     45 |   2018 |    634 |   2 | 1590.5 |
        Bailey |   1033 |   1033 |      0 |    688 |    119 |   1 | 1033.0 |
               +--------+--------+--------+--------+--------+-----+--------+

Top non-repeatable levels by time:
  Lair:6: 2815 daAuts
  Lair:2: 2578 daAuts
  Lair:5: 2431 daAuts
   Orc:2: 2053 daAuts
     D:4: 1868 daAuts
  Lair:3: 1797 daAuts
    D:11: 1765 daAuts
    D:10: 1518 daAuts
  Lair:1: 1319 daAuts
     D:1: 1264 daAuts
     D:8: 1257 daAuts
     D:7: 1151 daAuts
   Orc:1: 1128 daAuts
     D:5: 1050 daAuts
  Bailey: 1033 daAuts
